 Dungeon Crawl Stone Soup version 0.30-a0-368-g86fb4627a9 (webtiles) character file.

Game seed: 15927801850679483447

121 qeuew the Trooper (level 4, -1/37 HPs)
             Began as a Demonspawn Chaos Knight on Nov 18, 2022.
             Was a Plaything of Xom.
             Slain by Pargi (2 damage)
             ... on level 3 of the Dungeon.
             The game lasted 00:03:11 (2227 turns).

qeuew the Trooper (Demonspawn Chaos Knight)         Turns: 2227, Time: 00:03:12

Health: -1/37      AC:  7    Str: 13 (14) XL:     4   Next: 76%
Magic:  4/4        EV: 11    Int: 12 (13) God:    Xom [....*.]
Gold:   222        SH:  0    Dex: 12 (15) Spells: 3/3 levels left

rFire   . . .      SeeInvis .    a - +0 hand axe (chaos)
rCold   . . .      Faith    .    (no shield)
rNeg    . . .      Spirit   .    b - +3 leather armour
rPois   .          Reflect  .    (no helmet)
rElec   .          Harm     .    (no cloak)
rCorr   .          Rampage  .    (no gloves)
Will    +....                    (no boots)
Stlth   ++........               (no amulet)
HPRegen 0.26/turn                e - ring of willpower
MPRegen 0.09/turn                (no ring)

@: unable to read
A: rugged brown scales 1, thin skeletal structure 1, inability to read after
injury 1
a: Renounce Religion


You were on level 3 of the Dungeon.
You worshipped Xom.
You were a beloved toy of Xom.
You visited 1 branch of the dungeon, and saw 3 of its levels.

You collected 222 gold pieces.

Inventory:

Hand Weapons
 a - a +0 hand axe of chaos (weapon)
Armour
 b - a +3 leather armour (worn)
Jewellery
 e - a ring of willpower (left hand)
 l - a +6 ring of intelligence
Wands
 g - a wand of flame (13)
Scrolls
 d - a scroll of enchant armour
 h - a scroll of noise {unknown}
 j - a scroll of identify
Potions
 f - 2 potions of haste
 i - a potion of resistance
Miscellaneous
 c - a piece from Xom's chessboard (15/15) (quivered)


   Skills:
 + Level 3.6 Fighting
 + Level 3.2 Axes
 + Level 2.5 Armour
 + Level 2.0 Dodging
 + Level 1.7 Evocations


You had 3 spell levels left.
You didn't know any spells.
Your spell library contained the following spells:

 Spells                   Type           Power      Damage    Failure   Level
 Necrotise                Necr           0%         1d4       38%         1
 Shock                    Conj/Air       0%         1d3       38%         1
 Blink                    Tloc           0%         N/A       54%         2
 Swiftness                Air            0%         N/A       77%         3
 Vampiric Draining        Necr           0%         2d6       77%         3
 Airstrike                Air            0%         2d(0-16)  99%         4
 Leda's Liquefaction      Hex/Erth       0%         N/A       99%         4
 Manifold Assault         Tloc           0%         N/A       99%         4
 Agony                    Necr           0%         N/A       100%        5
 Lee's Rapid Deconstruct  Erth           0%         3d4*      100%        5
 Statue Form              Tmut/Erth      0%         N/A       100%        6
 Storm Form               Tmut/Air       0%         N/A       100%        7


Dungeon Overview and Level Annotations

Branches:
Dungeon (3/15)

Altars:
Hepliaklqana
Xom

Shops:
D:2 =

Annotations:
D:3 Pargi


Innate Abilities, Weirdness & Mutations

You are partially covered in rugged brown scales. (AC +1, +3% HP)
You have a somewhat thin skeletal structure. (Dex +2, Stealth+)
You occasionally lose the ability to read scrolls when taking damage.


Message History

Pargi bites you!
You emit a cloud of colourful smoke!
Pargi completely misses you. Pargi closely misses you. Pargi bites you.
Pargi barely misses you. Pargi claws you but does no damage.
Pargi is nearby!
You closely miss Pargi. Pargi bites you. Pargi claws you but does no damage.
Pargi claws you.
Pargi is nearby!
Unknown command.
You hit Pargi.
Pargi flickers and vanishes!
Deactivating autopickup; reactivate with Ctrl-A.
Something bites you. Something claws you but does no damage.
Something claws you.
You barely miss something. Something bites you but does no damage.
Something claws you. x2
You hit something.
You feel better. Something bites you.
Something claws you but does no damage. x2
Unknown command.
You miss something. Something bites you. Something claws you.
* * * LOW HITPOINT WARNING * * *
Something claws you but does no damage.
Unknown command.
It was a potion of mutation.
You feel extremely strange.
Your bones become slightly less dense.
You occasionally lose the ability to read scrolls when taking damage.
Xom thinks this is hilarious!
Something barely misses you.
Something claws you but does no damage. x2
You hit something but do no damage.
Nothing appears to happen.
Something bites you.
You feel threatened and lose the ability to read scrolls!
* * * LOW HITPOINT WARNING * * *
Something claws you but does no damage. Something claws you.
* * * LOW HITPOINT WARNING * * *
Something bites you but does no damage.
Something claws you but does no damage. x2
You cannot read scrolls in your current state!
You barely miss something. Something bites you.
* * * LOW HITPOINT WARNING * * *
Something claws you but does no damage. Something claws you.
You die... "It was about time."

#. ##. ##..
... .. #°##
#§{# #@# #
##5##
#.##§55####.
#....#......#
####...####.#
#...........#
#.###.#######
##.###.#
##[#.##.#


You could see a friendly iron imp (summoned), a friendly quasit (summoned) and a
friendly white imp (summoned).

Vanquished Creatures
  Natasha (twice) (D:2)
  11 ball pythons
  4 bats (D:1)
  3 endoplasms
  2 giant cockroaches (D:1)
  3 goblins
  2 hobgoblins
  6 kobolds
  5 quokkas
  4 frilled lizards
  3 rats (D:1)
45 creatures vanquished.

Vanquished Creatures (collateral kills)
  Natasha (D:2)
1 creature vanquished.

Grand Total: 46 creatures vanquished

Notes
Turn   | Place    | Note
-------+----------+-------------------------------------------
     0 | D:1      | qeuew the Demonspawn Chaos Knight began the quest for the
                  | Orb.
     0 | D:1      | Reached XP level 1. HP: 18/18 MP: 1/1
    61 | D:1      | Reached skill level 1 in Dodging
   148 | D:1      | Gained mutation: You are partially covered in rugged brown
                  | scales. (AC +1, +3% HP) [demonic ancestry]
   148 | D:1      | Reached XP level 2. HP: 18/24 MP: 2/2
   533 | D:1      | Found a faded altar of an unknown god.
   661 | D:1      | XOM: divination: magic mapping
   697 | D:1      | XOM: scenery: create altars
   880 | D:1      | XOM: scenery: create altars
   947 | D:1      | XOM: scenery: 1 doors close
   972 | D:1      | Reached skill level 1 in Evocations
   972 | D:1      | Reached XP level 3. HP: 29/29 MP: 3/3
  1043 | D:2      | Noticed Natasha
  1045 | D:2      | XOM: god gift: staff of conjuration
  1053 | D:2      | Killed Natasha
  1363 | D:2      | Noticed Natasha
  1378 | D:2      | XOM: summons friendly shadow imp
  1380 | D:2      | Killed Natasha
  1381 | D:2      | Reached XP level 4. HP: 22/36 MP: 4/4
  1556 | D:2      | Noticed Natasha
  1559 | D:2      | XOM: divination: magic mapping
  1562 | D:2      | Killed Natasha
  1574 | D:2      | Identified the +3 ring mail of Eternity {rC+ Regen+}
  1577 | D:2      | Found Bisolocau's Jewellery Shoppe.
  2023 | D:3      | XOM: 1-stop teleportation journey
  2075 | D:3      | XOM: god gift: 2 stones
  2114 | D:3      | Found a hazy altar of Hepliaklqana.
  2214 | D:3      | Noticed Pargi
  2216 | D:3      | XOM: summons 3 friendly demons
  2219 | D:3      | XOM: smoke on damage
  2225 | D:3      | Gained mutation: You have a somewhat thin skeletal
                  | structure. (Dex +2, Stealth+) [potion of mutation]
  2225 | D:3      | Gained mutation: You occasionally lose the ability to read
                  | scrolls when taking damage. [potion of mutation]
  2227 | D:3      | HP: 1/37 [something (4)]
  2227 | D:3      | Slain by Pargi

Illustrated notes

Levels and vault maps discovered:
D:1:      amcnicky_arrival_blooded_trapdoor, layout_basic,
          hellmonk_ecumenical_altar_pennies_from_heaven, minmay_pentomino_v4
D:2:      layout_basic, serial_shops, shop_coins, uniq_natasha
D:3:      layout_loops_ring, mainiacjoe_overflow_tiny_flanked,
          mainiacjoe_overflow_boulevard, uniq_pargi

Skill      XL: |  1  2  3  4 |
---------------+-------------+-----
Dodging        | 1 2 |  2.0
Armour         | 2 |  2.5
Evocations     | 1 |  1.7
Axes           | 3 |  3.2
Fighting       | |  3.6

Action                   |  1- 3 |  4- 6 || total
-------------------------+-------+-------++-------
Melee: Hand axe          |   115 |    28 ||   143
  Use: Scroll            |     4 |     2 ||     6
       Potion            |     1 |     3 ||     4
Armor: Leather armour    |    46 |    26 ||    72
Dodge: Dodged            |    70 |    15 ||    85

Table legend: (Time is in decaauts)
 A = Elapsed time spent in this place.
 B = Non-inter-level travel time spent in this place.
 C = Inter-level travel time spent in this place.
 D = Time resting spent in this place.
 E = Time spent auto-exploring this place.
 F = Levels seen in this place.
 G = Mean time per level.
                   A        B        C        D        E       F      G
               +--------+--------+--------+--------+--------+-----+--------+
         Total |   2250 |   2179 |     71 |    100 |   1685 |   3 |  750.0 |
       Dungeon |   2250 |   2179 |     71 |    100 |   1685 |   3 |  750.0 |
               +--------+--------+--------+--------+--------+-----+--------+

Top non-repeatable levels by time:
     D:1: 1041 daAuts
     D:2: 880 daAuts
     D:3: 328 daAuts
